 Dungeon Crawl Stone Soup version 0.22-a0-469-gf26638a (webtiles) character file.

44 Alphaeus the Shield-Bearer (level 3, -1/26 HPs)
             Began as an Octopode Fighter on June 12, 2018.
             Slain by a hobgoblin
             ... wielding a +0 club
              (2 damage)
             ... on level 2 of the Dungeon.
             The game lasted 00:00:44 (740 turns).

Alphaeus the Shield-Bearer (Octopode Fighter)        Turns: 740, Time: 00:00:44

Health: -1/26      AC:  1    Str: 15    XL:     3   Next: 62%
Magic:  3/3        EV: 12    Int: 10    God:
Gold:   55         SH:  9    Dex: 12    Spells: 2/2 levels left

rFire    . . .     SeeInvis .     - Unarmed
rCold    . . .     Gourm    .   a - +0 shield
rNeg     . . .     Faith    .   (helmet restricted)
rPois    .         Spirit   .   (no amulet)
rElec    .         Reflect  .   (no ring)
rCorr    .         Harm     .   (no ring)
MR       .....                  (no ring)
Stlth    ++........             (no ring)
HPRegen  0.08/turn              (no ring)
MPRegen  0.08/turn              (no ring)
                                (no ring)
                                (no ring)

@: no status effects
A: almost no armour, stealthy swim, amphibious, 8 rings, constrict 8, camouflage
1, gelatinous body 1
a: no special abilities


You were on level 2 of the Dungeon.
You were not hungry.

You visited 1 branch of the dungeon, and saw 2 of its levels.

You collected 55 gold pieces.

Inventory:

Armour
 a - a +0 shield (worn)
Scrolls
 e - a scroll of identify {unknown}
 g - 2 scrolls of blinking {unknown}
 h - a scroll of remove curse {unknown}
Potions
 b - a potion of might
 d - a potion of curing {unknown}
Comestibles
 c - 2 rations
 f - 4 chunks of flesh


   Skills:
 + Level 3.3 Fighting
 * Level 3.3 Dodging
 + Level 0.2 Stealth
 + Level 3.4 Shields
 * Level 2.6 Unarmed Combat


You had 2 spell levels left.
You didn't know any spells.
Your spell library was empty.

Dungeon Overview and Level Annotations

Branches:
Dungeon (2/15)

Altars:


Innate Abilities, Weirdness & Mutations

You cannot wear most types of armour.
You are very stealthy in the water. (Stealth+)
You are amphibious.
You can wear up to eight rings at the same time.
You can use your tentacles to constrict eight enemies at once.
Your skin changes colour to match your surroundings (Stealth+).
Your rubbery body absorbs attacks. (AC +1, EV +1)


Message History

The kobold hits you but does no damage.
You see here a stone.
You tentacle-slap the kobold. You grab the kobold.
The kobold is moderately wounded.
You constrict the kobold.
You kill the kobold!
The hobgoblin hits you with a club.
* * * LOW HITPOINT WARNING * * *
The hobgoblin throws a stone.
The stone misses you.
The hobgoblin hits you but does no damage.
The hobgoblin throws a stone.
The stone hits you.
* * * LOW HITPOINT WARNING * * *
A goblin comes into view. It is wielding a club.
You see here 3 stones.
The goblin shouts!
You tentacle-slap the hobgoblin but do no damage.
You grab the hobgoblin. Your squeeze misses the hobgoblin.
You constrict the hobgoblin.
The hobgoblin throws a stone.
The stone misses you. The hobgoblin hits you with a club.
You die...

.. .# ##.
#.. ##.#
..##
##).##g?#
#@(.g..#
#g####"...
#<# #
#..>.#
#..#### #.
#


You could see 2 hobgoblins and a goblin.

Vanquished Creatures
  An adder (D:2)
  An ooze (D:1)
  2 dart slugs (D:1)
  A leopard gecko (D:1)
  3 goblins
  5 hobgoblins (D:1)
  2 bats (D:1)
  A frilled lizard (D:1)
  6 kobolds
  3 rats (D:1)
25 creatures vanquished.

Notes
Turn   | Place    | Note
-------+----------+-------------------------------------------
     0 | D:1      | Alphaeus the Octopode Fighter began the quest for the Orb.
     0 | D:1      | Reached XP level 1. HP: 16/16 MP: 1/1
   213 | D:1      | Reached XP level 2. HP: 21/21 MP: 2/2
   487 | D:1      | Reached XP level 3. HP: 26/26 MP: 3/3
   739 | D:2      | HP: 1/26 [hobgoblin/stone (1)]
   740 | D:2      | Slain by a hobgoblin

Vault maps used:
D:1:      saegor_arrival_under_anarchy
D:2:      old_standard_altar, first_ration, minmay_pentomino_w4

Action                   || total
-------------------------++-------
Melee: Unarmed           ||    59
       Constrict         ||    18
       Tentacles         ||    13
       Punch             ||     1
 Stab: Sleeping          ||     1
Armor: Skin              ||     6
Dodge: Dodged            ||    22
Block: Shield            ||    21

Table legend:
 A = Spawn XP
 B = Non-spawn XP
 C = Spawn XP percentage of total XP
 D = Spawn monster count
 E = Non-spawn monster count
 F = Spawn count percentage of total count
 G = Total turns spent on level
                    A         B        C        D         E        F      G
               +---------+---------+-------+---------+---------+-------+---------
         Total |       0 |      64 |   0.0 |       0 |      25 |   0.0 |   740
               +---------+---------+-------+---------+---------+-------+---------
           D:1 |       0 |      46 |   0.0 |       0 |      21 |   0.0 |   727
           D:2 |       0 |      18 |   0.0 |       0 |       4 |   0.0 |    13
               +---------+---------+-------+---------+---------+-------+---------
